 Dungeon Crawl Stone Soup version 0.21-a0-538-gd16b88a (webtiles) character file.

662 mortelune the Conjurer (level 7, -4/50 HPs)
             Began as a Black Draconian Fire Elementalist on Dec 16, 2017.
             Slain by a wraith (6 damage)
             ... in an ossuary.
             The game lasted 00:16:30 (6041 turns).

mortelune the Conjurer (DrFE)                       Turns: 6041, Time: 00:16:31

Health: -4/50      AC:  6    Str: 10    XL:     7   Next: 30%
Magic:  3/13       EV: 12    Int: 17    God:
Gold:   187        SH:  0    Dex: 12    Spells: 4/14 levels left

rFire    . . .     SeeInvis .   d - +0 spear
rCold    . . .     Gourm    .   (no shield)
rNeg     . . .     Faith    .   (armour unavailable)
rPois    .         Spirit   .   (helmet restricted)
rElec    +         Reflect  .   (no cloak)
rCorr    .         Harm     .   (no gloves)
MR       .....                  (no boots)
Stlth    ++........             (no amulet)
HPRegen  0.16/turn              (no ring)
MPRegen  0.13/turn              (no ring)

@: short of breath, slowed, drained, very slow
A: breathe lightning, unfitting armour, electricity resistance, cold-blooded, AC
+6
a: Breathe Lightning


You were in an ossuary.
You were not hungry.

You visited 1 branch of the dungeon, and saw 4 of its levels.
You also visited: Ossuary.

You collected 187 gold pieces.

Inventory:

Hand Weapons
 d - a +0 spear (weapon)
 h - a cursed +4 short sword
 s - a +3 mace of holy wrath
Armour
 q - a +0 buckler
Jewellery
 t - an uncursed ring of flight {unknown}
Scrolls
 l - a scroll of teleportation {unknown}
 m - a scroll of amnesia {unknown}
 p - 2 scrolls of remove curse {unknown}
 r - a scroll of magic mapping
 u - a scroll of enchant weapon {unknown}
Potions
 c - 2 potions of agility
 e - 3 potions of resistance
 f - 2 potions of flight
 g - 2 potions of might
 j - a potion of curing
 n - a potion of ambrosia
Books
 a - a book of Flames

   Spells                             Type                      Level
   a - Flame Tongue                   Conjuration/Fire             1
   b - Throw Flame                    Conjuration/Fire             2
   c - Conjure Flame                  Conjuration/Fire             3
   d - Inner Flame                    Hexes/Fire                   3
   e - Sticky Flame                   Conjuration/Fire             4
   f - Fireball                       Conjuration/Fire             5
Comestibles
 b - 2 bread rations
 o - 2 royal jellies


   Skills:
 - Level 1.7(1.3) Dodging
 - Level 1.7(1.3) Stealth
 + Level 4.1(3.6) Spellcasting
 * Level 5.6(5.2) Conjurations
 + Level 4.9(4.5) Fire Magic


You had 4 spell levels left.
You knew the following spells:

 Your Spells              Type           Power        Failure   Level  Hunger
a - Flame Tongue          Conj/Fire      ###..        2%          1    None
b - Throw Flame           Conj/Fire      ###...       3%          2    ##.....
c - Conjure Flame         Conj/Fire      ###.....     7%          3    ###....
d - Sticky Flame          Conj/Fire      ###.....     22%         4    ####...


Dungeon Overview and Level Annotations

Branches:
Dungeon (4/15)
 Temple: D:4-7

Altars:


Innate Abilities, Weirdness & Mutations

You can breathe wild blasts of lightning.
Your glossy black scales are hard. (AC +6)
You cannot fit into any form of body armour.
You are resistant to electric shocks. (rElec)
You are cold-blooded and may be slowed by cold attacks.


Message History

You see here a potion of magic.
The wraith hits you but does no damage.
You see here a wand of iceblast (8).
As you read the scroll labeled ECRAJO ZIUMMOERA, it crumbles to dust.
You feel aware of your surroundings.
It was a scroll of magic mapping.
The wraith barely misses you.
You breathe a wild blast of lightning!
You hear a mighty clap of thunder!
The orb of electricity explodes!
The orb of electricity engulfs the wraith.
The wraith is heavily damaged.
The orb of electricity engulfs you! You resist.
* * * LOW HITPOINT WARNING * * *
You hear a mighty clap of thunder!
You feel somewhat more hungry.
You hear a hideous shriek! x3
The wraith hits you!
* * * LOW HITPOINT WARNING * * *
The wraith hits you.
You die...

****##**##*****
*,,,...,...,,,*
*,+*#.###.#*+,*
#,*,#.#z#.#,*,#
#.###.###.###.#
#.............#
#.............#
*,**#.@W!.#*#.#
#.*z#.!!?.#,#.#
#.*##.?!?.###.#
#.............#
#.............#
#.###.###.###.#
#.#.#.#,#.#,#.#
#.'##.###.##+.#
#.............#


You could see a wraith and a flying skull.

Vanquished Creatures
  A phantom (D:4)
  A bullfrog (D:3)
  A scorpion (D:4)
  3 wights (Ossuary)
  An orc priest (D:2)
  An orc wizard (D:2)
  An iguana (D:2)
  2 worker ants (D:4)
  A worker ant zombie (D:2)
  6 adders
  3 gnolls (D:4)
  4 oozes
  7 dart slugs
  3 leopard geckos
  4 orcs
  11 bats
  3 giant cockroaches
  4 goblins
  7 hobgoblins
  11 jackals
  3 quokkas (D:3)
  3 ball python skeletons (Ossuary)
  2 frilled lizards
  A hobgoblin skeleton (Ossuary)
  A hobgoblin zombie (Ossuary)
  6 kobolds
  A leopard gecko skeleton (D:4)
  2 orc skeletons (Ossuary)
  7 rats
101 creatures vanquished.

Notes
Turn   | Place    | Note
-------+----------+-------------------------------------------
     0 | D:1      | mortelune the Draconian Fire Elementalist began the quest for the Orb.
     0 | D:1      | Reached XP level 1. HP: 14/14 MP: 3/3
   304 | D:1      | Reached XP level 2. HP: 20/20 MP: 0/5
   361 | D:1      | Learned a level 2 spell: Throw Flame
   617 | D:1      | Reached skill level 2 in Conjurations
   954 | D:1      | Reached XP level 3. HP: 21/26 MP: 0/6
  1018 | D:1      | Learned a level 3 spell: Conjure Flame
  2218 | D:2      | Reached XP level 4. HP: 33/33 MP: 0/7
  2775 | D:2      | Reached skill level 3 in Conjurations
  2928 | D:2      | Reached XP level 5. HP: 38/38 MP: 4/9
  2934 | D:2      | Learned a level 4 spell: Sticky Flame
  3874 | D:3      | Reached skill level 4 in Conjurations
  4369 | D:3      | Reached XP level 6. HP: 37/45 MP: 4/11
  4557 | D:3      | Found a faded altar of an unknown god.
  5141 | D:4      | Reached skill level 5 in Conjurations
  5346 | D:4      | Your scales start taking on a glossy black colour.
  5346 | D:4      | Reached XP level 7. HP: 50/50 MP: 5/12
  5346 | D:4      | Gained mutation: You are resistant to electric shocks. (rElec) [Black Draconian growth]
  5415 | D:4      | Found a sand-covered staircase.
  5425 | Ossuary  | Entered an ossuary
  5992 | Ossuary  | Noticed a wraith
  5992 | Ossuary  | Noticed a flying skull
  5999 | Ossuary  | Noticed a flying skull
  6004 | Ossuary  | Noticed a wraith
  6030 | Ossuary  | HP: 1/50 [wraith (10)]
  6035 | Ossuary  | Noticed a flying skull
  6041 | Ossuary  | HP: 2/50 [wraith (7)]
  6041 | Ossuary  | Slain by a wraith

Vault maps used:
D:1:      dpeg_arrival_fog, minmay_misc_feat_roman, fountainhead
D:3:      chequers_ecumenical_altar_simple_redux, feat_on_display
D:4:      first_bread, enter_ossuary_1, vehumet_altar_wand_db
Ossuary:  ossuary_due_cavern

Skill      XL: |  1  2  3  4  5  6  7 |
---------------+----------------------+-----
Conjurations   | 2 3 4 5 |  5.6
Spellcasting   | 3 4 |  4.1
Fire Magic     | 4 |  4.9
Dodging        | |  1.7
Stealth        | |  1.7

Action                   |  1- 3 |  4- 6 |  7- 9 || total
-------------------------+-------+-------+-------++-------
Melee: Spear             |    30 |    18 |     5 ||    53
       Tailslap          |     3 |     1 |       ||     4
 Cast: Flame Tongue      |    42 |    85 |    39 ||   166
       Throw Flame       |    15 |    27 |       ||    42
       Conjure Flame     |     1 |     2 |       ||     3
       Sticky Flame      |       |     6 |     4 ||    10
 Abil: Breathe Lightning |       |       |     1 ||     1
  Use: Scroll            |       |     7 |     2 ||     9
       Potion            |       |     1 |     2 ||     3
 Stab: Sleeping          |     1 |       |       ||     1
  Eat: Chunk             |     6 |    12 |       ||    18
       Meat ration       |       |       |     1 ||     1
Armor: Skin              |     6 |    16 |     5 ||    27
Dodge: Dodged            |    27 |    39 |    20 ||    86

Table legend:
 A = Spawn XP
 B = Non-spawn XP
 C = Spawn XP percentage of total XP
 D = Spawn monster count
 E = Non-spawn monster count
 F = Spawn count percentage of total count
 G = Total turns spent on level
                    A         B        C        D         E        F      G
               +---------+---------+-------+---------+---------+-------+---------
         Total |       0 |     947 |   0.0 |       0 |     101 |   0.0 |  6041
               +---------+---------+-------+---------+---------+-------+---------
           D:1 |       0 |      43 |   0.0 |       0 |      16 |   0.0 |  1271
           D:2 |       0 |     230 |   0.0 |       0 |      32 |   0.0 |  2264
           D:3 |       0 |     198 |   0.0 |       0 |      34 |   0.0 |  1582
           D:4 |       0 |     300 |   0.0 |       0 |       9 |   0.0 |   308
       Ossuary |       0 |     176 |   0.0 |       0 |      10 |   0.0 |   616
               +---------+---------+-------+---------+---------+-------+---------
